 Dungeon Crawl Stone Soup version 0.26-a0-651-gb41185065b (webtiles) character file.

Game seed: 4498555826482293913

25 Azzok the Shield-Bearer (level 2, -1/24 HPs)
             Began as a Demonspawn Fighter on Oct 18, 2020.
             Slain by a jackal (3 damage)
             ... on level 1 of the Dungeon.
             The game lasted 00:00:50 (607 turns).

Azzok the Shield-Bearer (Demonspawn Fighter)         Turns: 607, Time: 00:00:50

Health: -1/24      AC:  6    Str: 16    XL:     2   Next: 82%
Magic:  2/2        EV:  6    Int:  9    God:
Gold:   57         SH:  9    Dex: 12    Spells: 1/1 levels left

rFire    . . .     SeeInvis .     - Unarmed
rCold    . . .     Faith    .   b - +0 kite shield
rNeg     . . .     Spirit   .   a - +0 scale mail
rPois    .         Reflect  .   (helmet restricted)
rElec    .         Harm     .   (no cloak)
rCorr    .         Rampage  .   (no gloves)
MR       .....                  (no boots)
Stlth    ..........             (no amulet)
HPRegen  0.08/turn              (no ring)
MPRegen  0.08/turn              (no ring)

@: no status effects
A: horns 1
a: no special abilities


You were on level 1 of the Dungeon.
You visited 1 branch of the dungeon, and saw 1 of its levels.

You collected 57 gold pieces.

Inventory:

Armour
 a - a +0 scale mail (worn)
 b - a +0 kite shield (worn)
Scrolls
 d - a scroll of random uselessness {unknown}
 e - a scroll of enchant weapon {unknown}
 f - a scroll of amnesia {unknown}
Potions
 c - a potion of might


   Skills:
 - Level 3.0 Fighting
 - Level 2.6 Armour
 + Level 3.2 Shields
 + Level 2.5 Unarmed Combat


You had one spell level left.
You didn't know any spells.
Your spell library was empty.

Dungeon Overview and Level Annotations

Branches:
Dungeon (1/15)

Altars:


Innate Abilities, Weirdness & Mutations

You have a pair of small horns on your head.


Message History

You hit the bat.
You kill the bat!
You block the jackal's attack. You block the rat's attack.
The rat bites you but does no damage. You block the rat's attack.
The jackal bites you but does no damage.
You see here a bat corpse.
You barely miss the jackal. The rat bites you but does no damage.
The jackal bites you but does no damage.
You closely miss the jackal.
You headbutt the jackal, but do no damage.
The jackal bites you.
* * * LOW HITPOINT WARNING * * *
You block the rat's attack. You block the jackal's attack.
You closely miss the jackal. The rat closely misses you. The jackal bites you.
* * * LOW HITPOINT WARNING * * *
Your shield and scale mail prevent you from hitting the jackal.
The jackal barely misses you. You block the rat's attack.
You closely miss the jackal. The jackal bites you.
You die...

▒▒··········
··▒▒▒▒▒··▒
▒······!·▒ ▒▒
††·▒▒▒▒▒)▒▒▒
▒)▒
▒▒†····▒†·▒····
▒▒▒▒▒··†▒▒▒·▒
▒▒··▒·····
▒··▒·▒ ▒·▒▒▒ ▒
▒····▒▒▒·r@▒ ·▒
▒··▒▒▒·▒▒▒h▒··▒
▒······[·)r···▒
▒····†········▒
▒▒▒▒▒▒▒▒▒▒▒▒▒▒▒


You could see a jackal and 2 rats.

Vanquished Creatures
  A dart slug (D:1)
  4 bats (D:1)
  2 giant cockroaches (D:1)
  A goblin (D:1)
  4 hobgoblins (D:1)
  A jackal (D:1)
  A kobold (D:1)
  A ball python (D:1)
  3 frilled lizards (D:1)
  3 rats (D:1)
21 creatures vanquished.

Notes
Turn   | Place    | Note
-------+----------+-------------------------------------------
     0 | D:1      | Azzok the Demonspawn Fighter began the quest for the Orb.
     0 | D:1      | Reached XP level 1. HP: 18/18 MP: 1/1
   218 | D:1      | Gained mutation: You have a pair of small horns on your
                  | head. [demonic ancestry]
   218 | D:1      | Reached XP level 2. HP: 12/24 MP: 2/2
   607 | D:1      | Slain by a jackal

Illustrated notes

Levels and vault maps discovered:
D:1:      dpeg_arrival_rooms_with_view, layout_rooms, minmay_indecisive_spiral

Skill      XL: |  1 |
---------------+----+-----
Unarmed Combat | 2 |  2.5
Shields        | 3 |  3.2
Fighting       | |  3.0
Armour         | |  2.6

Action                   || total
-------------------------++-------
Melee: Unarmed           ||   117
       Headbutt          ||     9
Armor: Scale mail        ||    81
Dodge: Dodged            ||    48
Block: Kite shield       ||    73

Table legend: (Time is in decaauts)
 A = Elapsed time spent in this place.
 B = Non-inter-level travel time spent in this place.
 C = Inter-level travel time spent in this place.
 D = Time resting spent in this place.
 E = Time spent auto-exploring this place.
 F = Levels seen in this place.
 G = Mean time per level.
                   A        B        C        D        E       F      G
               +--------+--------+--------+--------+--------+-----+--------+
         Total |    612 |    612 |      0 |     11 |    413 |   1 |  612.0 |
       Dungeon |    612 |    612 |      0 |     11 |    413 |   1 |  612.0 |
               +--------+--------+--------+--------+--------+-----+--------+

Top non-repeatable levels by time:
     D:1: 612 daAuts
